 Dungeon Crawl Stone Soup version 0.28.0-43-g3370ac3207 (webtiles) character file.

Game seed: 6073243605450778600

1276 Pinkishskies the Magician (level 8, 0/51 HPs)
             Began as a Djinni Fire Elementalist on Mar 9, 2022.
             Slain by croobank's ghost (1 damage)
             ... on level 6 of the Dungeon.
             The game lasted 00:21:06 (7778 turns).

Pinkishskies the Magician (DjFE)                    Turns: 7778, Time: 00:21:11

Health: 0/51       AC:  6    Str:  7    XL:     8   Next: 83%
Gold:   113        EV: 12    Int: 18    God:
                   SH:  0    Dex: 15

rFire   + + .      SeeInvis .   t - staff of conjuration
rCold   x . .      Faith    .   (no shield)
rNeg    . . .      Spirit   .   y - +0 leather armour
rPois   ∞          Reflect  .   i - +0 helmet
rElec   .          Harm     .   v - +0 cloak
rCorr   .          Rampage  .   b - +0 pair of gloves
Will    .....                   (boots unavailable)
Stlth   ++........              (no amulet)
HPRegen 0.17/turn               (no ring)
MPRegen 0.00/turn               (no ring)

@: flying
A: sickness immunity, fire resistance 2, cold vulnerability 1, float, innate
caster, HP casting, extra vitality 1
a: no special abilities


You were on level 6 of the Dungeon.
You visited 1 branch of the dungeon, and saw 6 of its levels.

You collected 210 gold pieces.
You spent 97 gold pieces at shops.

Inventory:

Hand Weapons
 f - a +1 whip of flaming
Armour
 a - a +0 robe
 b - a +0 pair of gloves (worn)
 i - a +0 helmet (worn)
 m - a +0 kite shield
 v - a +0 cloak (worn)
 y - a +0 leather armour (worn)
 B - a +0 scale mail
 D - a scarf of repulsion
 K - a +0 chain mail
Magical Staves
 t - a staff of conjuration (weapon)
Jewellery
 d - a ring of flight
 o - a +4 ring of slaying
Wands
 J - a wand of acid (1)
 L - a wand of iceblast (10)
Scrolls
 h - 2 scrolls of noise {unknown}
 j - a scroll of amnesia {unknown}
 k - 2 scrolls of magic mapping {unknown}
 l - a scroll of torment {unknown}
 p - a scroll of brand weapon {unknown}
 q - a scroll of vulnerability {unknown}
 s - 3 scrolls of teleportation
 w - a scroll of summoning {unknown}
 x - a scroll of enchant armour {unknown}
 C - a scroll of blinking
 E - 3 scrolls of identify {unknown}
 F - 2 scrolls of immolation {unknown}
 G - a scroll of enchant weapon {unknown}
Potions
 c - 3 potions of curing {unknown}
 e - 2 potions of flight {unknown}
 g - a potion of brilliance {unknown}
 n - a potion of might {unknown}
 r - a potion of berserk rage {unknown}
 u - a potion of invisibility {unknown}
 z - 2 potions of ambrosia {unknown}
 A - 2 potions of mutation {unknown}
 H - a potion of attraction {unknown}
 I - a potion of lignification {unknown}


   Skills:
 - Level 0.4 Fighting
 + Level 0.1 Maces & Flails
 + Level 1.3 Armour
 + Level 3.9 Dodging
 * Level 4.0 Stealth
 + Level 0.4 Shields
 + Level 6.8 Spellcasting


You had one spell level left.
You knew the following spells:

 Your Spells              Type           Power      Damage    Failure   Level
a - Foxfire               Conj/Fire      100%       2x1d9     1%          1
b - Scorch                Fire           62%        2d8       1%          2
c - Conjure Flame         Conj/Fire      46%        6-21      2%          3
d - Inner Flame           Hex/Fire       31%        N/A       2%          3
e - Flame Wave            Conj/Fire      46%        2d10      10%         4
f - Apportation           Tloc           62%        N/A       1%          1
g - Ensorcelled Hibernat  Hex/Ice        62%        N/A       1%          2
h - Summon Guardian Gole  Hex/Summ       31%        N/A       2%          3
Your spell library was empty.

Dungeon Overview and Level Annotations

Branches:
Dungeon (6/15)
 Temple: D:4-7

Altars:
Ashenzari
Dithmenos
Wu Jian

Shops:
D:4 :((?

Annotations:
D:6 croobank's ghost, novice TrAM


Innate Abilities, Weirdness & Mutations

You are immune to sickness and miasma.
You are immune to poison.
Your flesh is very heat resistant. (rF++)
You are vulnerable to cold. (rC-)
You float through the air rather than walking.
You learn spells naturally, not from books.
Your magical power is your life essence.
You have superior vitality. (+4 MHP)


Message History

You are too injured to fight recklessly!
Aiming: Iceblast
Press: ? - help, Q - select action, (/) - cycle Shift-Dir - straight line, f - croobank's ghost
Aim: croobank's ghost, wielding a weapon of flaming (lightly damaged, more vulnerable to fire) That beam is likely to hit you.
Continue anyway? [Y]es or [N]o only, please.
That beam is likely to hit you.
Continue anyway?
Okay, then.
Casting: Scorch (safe; 1% risk of failure)
Confirm with . or Enter, or press ? or * to list all spells.
You don't know that spell.
Casting: Scorch (safe; 1% risk of failure)
Confirm with . or Enter, or press ? or * to list all spells.
Flames lash croobank's ghost.
Croobank's ghost is burned terribly!
Croobank's ghost is lightly damaged.
Croobank's ghost hits you but does no damage.
Casting: Scorch (safe; 1% risk of failure)
Confirm with . or Enter, or press ? or * to list all spells.
Flames lash croobank's ghost.
Croobank's ghost is burned terribly!
Croobank's ghost is heavily damaged.
Croobank's ghost hits you.
* * * LOW HITPOINT WARNING * * *
Croobank's ghost burns you.
* * * LOW HITPOINT WARNING * * *
Casting: Scorch (safe; 1% risk of failure)
Confirm with . or Enter, or press ? or * to list all spells.
Flames lash croobank's ghost.
Croobank's ghost is burned terribly!
Croobank's ghost is heavily damaged.
* * * LOW HITPOINT WARNING * * *
Croobank's ghost hits you.
* * * LOW HITPOINT WARNING * * *
Unknown command.
Casting: Scorch (safe; 1% risk of failure)
Confirm with . or Enter, or press ? or * to list all spells.
Flames lash croobank's ghost but do no damage.
* * * LOW HITPOINT WARNING * * *
Croobank's ghost hits you!
* * * LOW HITPOINT WARNING * * *
Croobank's ghost burns you.
You die...

##....###...###....
##############....
#............
#............
######............
#≈##..........###....
#$##.############....
#≈##.# #...... #≈##@#
#...... ##≈##W#
#...... ###≈##.#
#...... #.#'#..#
#...... #......#
#...... ########
#...... ##########
##..##..##.
#.........^


You could see croobank's ghost (combustible).

Vanquished Creatures
  Menkaure (D:4)
  A water moccasin (D:3)
  2 sky beasts (D:6)
  An ogre (D:3)
  A centaur (D:6)
  A bullfrog (D:6)
  3 scorpions
  A hound (D:4)
  A bullfrog zombie (D:6)
  4 iguanas
  A centaur skeleton (D:5)
  An orc wizard (D:5)
  2 hound skeletons (D:4)
  Robin (D:4)
  3 gnolls
  7 adders
  A shadow imp (D:5)
  An adder skeleton (D:4)
  A worm (D:2)
  2 dart slugs
  11 orcs
  7 endoplasms
  4 giant cockroaches
  11 goblins
  16 hobgoblins
  6 kobolds
  4 quokkas
  7 ball pythons
  3 bats
  2 frilled lizards (D:1)
  3 rats (D:3)
110 creatures vanquished.

Vanquished Creatures (others)
  534 foxfires
534 creatures vanquished.

Grand Total: 644 creatures vanquished

Notes
Turn   | Place    | Note
-------+----------+-------------------------------------------
     0 | D:1      | Pinkishskies the Djinni Fire Elementalist began the quest
                  | for the Orb.
     0 | D:1      | Reached XP level 1. HP: 15/15 MP: 0/0
   257 | D:1      | Reached XP level 2. HP: 20/21 MP: 0/0
  1422 | D:1      | Reached XP level 3. HP: 21/25 MP: 0/0
  1422 | D:1      | Learned a level 1 spell: Apportation
  1553 | D:1      | Reached skill level 3 in Spellcasting
  2218 | D:2      | Reached XP level 4. HP: 17/31 MP: 0/0
  2351 | D:2      | Found a faded altar of an unknown god.
  3343 | D:3      | You are sucked into a shaft and drop 2 floors!
  3343 | D:5      | Entered Level 5 of the Dungeon
  3375 | D:5      | Reached XP level 5. HP: 9/35 MP: 0/0
  3375 | D:5      | Learned a level 2 spell: Ensorcelled Hibernation
  3879 | D:3      | Noticed an ogre
  3886 | D:3      | Killed an ogre
  3887 | D:3      | Reached skill level 4 in Spellcasting
  3887 | D:3      | Reached XP level 6. HP: 35/41 MP: 0/0
  4503 | D:3      | Noticed a water moccasin
  4511 | D:3      | Killed a water moccasin
  4586 | D:3      | Reached XP level 7. HP: 40/46 MP: 0/0
  4586 | D:3      | Learned a level 3 spell: Summon Guardian Golem
  4736 | D:3      | Found a shadowy altar of Dithmenos.
  5129 | D:4      | Reached skill level 5 in Spellcasting
  5267 | D:4      | Noticed Menkaure
  5274 | D:4      | Killed Menkaure
  5420 | D:4      | Found Zikuss's Antique Weapon Boutique.
  5501 | D:4      | Noticed Robin
  5506 | D:4      | Killed Robin
  5693 | D:4      | Found Urphokezi's Book Emporium.
  5874 | D:4      | Found Cowatolu's Weapon Shoppe.
  6092 | D:4      | Found an ornate altar of the Wu Jian Council.
  6092 | D:4      | Found a broken altar of Ashenzari.
  6273 | D:4      | Found Ziomia's Magic Scroll Emporium.
  6294 | D:4      | Bought a scroll of blinking for 97 gold pieces
  6571 | D:5      | Reached XP level 8. HP: 46/51 MP: 0/0
  6797 | D:5      | Noticed a hornet
  6907 | D:6      | Reached skill level 6 in Spellcasting
  7051 | D:6      | Found a runed translucent door.
  7350 | D:6      | Reached skill level 1 in Armour
  7754 | D:6      | Noticed croobank's ghost (novice TrAM)
  7778 | D:6      | HP: 1/51 [croobank's ghost (9)]
  7778 | D:6      | Slain by croobank's ghost

Illustrated notes

Levels and vault maps discovered:
D:1:      dpeg_arrival_snail, layout_basic
D:2:      layout_loops_ring, shapermc_ecumenical_altar_venn
D:3:      layout_basic, mainiacjoe_overflow_alcove_1
D:4:      layout_loops_ring, chequers_temple_overflow_statue_of_worship,
          serial_shops, nicolae_shop_statue_plus, nicolae_shop_waterfront,
          shop_scrolls, nicolae_shop_behind_doors, uniq_robin, uniq_menkaure
D:5:      layout_loops_ring, serial_shops, kennysheep_little_box
D:6:      layout_gridville, ebering_ghost_sewer_d

Skill      XL: |  1  2  3  4  5  6  7  8 |
---------------+-------------------------+-----
Spellcasting   | 3 4 5 6 |  6.8
Stealth        | 2 3 4 |  4.0
Dodging        | 3 |  3.9
Armour         | 1 |  1.3
Fighting       | |  0.4
Maces & Flails | |  0.1
Shields        | |  0.4

Action                   |  1- 3 |  4- 6 |  7- 9 || total
-------------------------+-------+-------+-------++-------
Melee: Whip              |     3 |     1 |       ||     4
       Staff             |       |       |     1 ||     1
 Cast: Foxfire           |    96 |   109 |   181 ||   386
       Apportation       |     1 |       |       ||     1
       Scorch            |       |     5 |    11 ||    16
       Summon Guardian G |       |       |     8 ||     8
       Ensorcelled Hiber |       |       |     1 ||     1
Evoke: Wand              |       |       |     1 ||     1
  Use: Scroll            |       |       |     1 ||     1
Armor: Robe              |     5 |     7 |     5 ||    17
       Leather armour    |       |       |    12 ||    12
Dodge: Dodged            |     6 |    19 |    22 ||    47
Block: Kite shield       |       |     6 |       ||     6
